 Dungeon Crawl Stone Soup version 0.18-a0-1028-g6e46bd4 (console) character file.

60 FIQ the Chiller (level 3, 0/24 HPs)
             Began as a Demonspawn Wanderer on Jan 9, 2016.
             Succumbed to an orc wizard's poison
             ... on level 3 of the Dungeon.
             The game lasted 00:20:01 (2152 turns).

FIQ the Chiller (Demonspawn Wanderer)               Turns: 2152, Time: 00:20:01

Health: 0/24       AC:  3    Str: 11      XL:     3   Next: 80%
Magic:  2/7        EV: 11    Int: 17      God:
Gold:   122        SH:  0    Dex:  7 (10) Spells: 2 memorised, 4 levels left

rFire  . . .     SeeInvis .     e - +0 club
rCold  . . .     Gourm    .     d - +0 robe
rNeg   . . .     Faith    .     (no shield)
rPois  .         Spirit   .     (no helmet)
rElec  .         Dismiss  .     (no cloak)
rCorr  .         Reflect  .     (no gloves)
SustAt .         Harm     .     (no boots)
MR     .....                    (no amulet)
Stlth  +.........               (no ring)
                                (no ring)

@: lethally poisoned (0 -> -41), very slightly contaminated, hasted, very quick,
not resistant to hostile enchantments, very unstealthy
A: rugged brown scales 1, powered by death 1
a: no special abilities


You were on level 3 of the Dungeon.
You were hungry.

You visited 1 branch of the dungeon, and saw 3 of its levels.

You collected 122 gold pieces.

Inventory:

Hand Weapons
 e - a +0 club (weapon)
 n - a +0 club
Armour
 d - a +0 robe (worn)
Scrolls
 h - a scroll of amnesia {unknown}
 i - a scroll of identify {unknown}
 j - a scroll of blinking {unknown}
 l - a scroll of fog {unknown}
 p - a scroll of fear {unknown}
Books
 a - a book of Frost

   Spells                             Type                      Level
   a - Freeze                         Ice                          1
   b - Throw Frost                    Conjuration/Ice              2
   c - Ozocubu's Armour               Charms/Ice                   3
   d - Throw Icicle                   Conjuration/Ice              4
   e - Summon Ice Beast               Ice/Summoning                4
   f - Condensation Shield            Ice                          4
 b - Egighusa's Catalogue of Black Rites

   Spells                             Type                      Level
   a - Animate Skeleton               Necromancy                   1
   b - Pain                           Necromancy                   1
 c - the Volume of Fire

   Spells                             Type                      Level
   a - Flame Tongue                   Conjuration/Fire             1
   b - Inner Flame                    Hexes/Fire                   3
Comestibles
 f - a bread ration
 k - a meat ration


   Skills:
 - Level 1.0 Stealth
   Level 1.0 Shields
 - Level 3.0 Spellcasting
   Level 1.1 Necromancy
   Level 1.7 Fire Magic
 + Level 3.8 Ice Magic


You had 4 spell levels left.
You knew the following spells:

 Your Spells              Type           Power        Failure   Level  Hunger
a - Freeze                Ice            ###.         3%          1    None
b - Ozocubu's Armour      Chrm/Ice       #.......     24%         3    ###....


Dungeon Overview and Level Annotations

Branches:
Dungeon (3/15)

Altars:


Innate Abilities, Weirdness & Mutations

You are partially covered in rugged brown scales (AC +1, +3% HP).
You regenerate a little health from kills.


Message History

The orc wizard gestures wildly while chanting.
The orc wizard flickers and vanishes!
Deactivating autopickup; reactivate with Ctrl-A.
You feel less confused.
You feel sick. Something hits you but does no damage.
You are more poisoned.
Drink which item? (? for menu, Esc to quit)
It was a potion of cancellation.
You feel magically purged.
You feel very sick. Something hits you.
* * * LOW HITPOINT WARNING * * *
You are more poisoned.
Drink which item? (? for menu, Esc to quit)
It was a potion of haste.
You feel yourself speed up.
* * * LOW HITPOINT WARNING * * *
You feel sick. Something hits you.
* * * LOW HITPOINT WARNING * * *
You are more poisoned.
You are very lightly contaminated with residual magic.
You die...

##########
#....<...#
#...#####)#
..... #@# ###.
#.# # ###{#####
##.oo..... #
#.......# # ..
#.....#.#.#
...##..........
......!..#%.....
..$.##.#.....o..
... #..<....#.#
# ###.#####


You could see 2 orcs.

Vanquished Creatures
  An adder (D:2)
  An orc (D:3)
  4 giant cockroaches
  7 goblins
  12 hobgoblins
  3 jackals (D:2)
  3 kobolds
  5 bats
  4 giant newts (D:1)
  4 rats
44 creatures vanquished.

Notes
Turn   | Place    | Note
--------------------------------------------------------------
     0 | D:1      | FIQ the Demonspawn Wanderer began the quest for the Orb.
     0 | D:1      | FIQ set off with: a book of Frost, Egighusa's Catalogue of Black Rites, the Volume of Fire, a +0 robe, a +0 club, a bread ration
     0 | D:1      | Reached XP level 1. HP: 13/13 MP: 4/4
     0 | D:1      | Identified Egighusa's Catalogue of Black Rites
     0 | D:1      | Identified the Volume of Fire
     2 | D:1      | Learned a level 1 spell: Freeze
   221 | D:1      | Gained mutation: You are partially covered in rugged brown scales (AC +1, +3% HP). [demonic ancestry]
   221 | D:1      | Reached XP level 2. HP: 8/19 MP: 4/6
  1072 | D:2      | Gained mutation: You regenerate a little health from kills. [demonic ancestry]
  1072 | D:2      | Reached XP level 3. HP: 12/24 MP: 3/7
  1514 | D:2      | Learned a level 3 spell: Ozocubu's Armour
  2152 | D:3      | Succumbed to an orc wizard's poison

Vault maps used:
D:1:      dpeg_arrival_shelter
D:2:      serial_curves, eino_curves_04, eino_curves_04, minmay_misc_feat_chi
D:3:      uniq_sigmund

Action                   || total
-------------------------++-------
Melee: Club              ||    60
 Cast: Freeze            ||    60
  Use: Potion            ||     4
 Stab: Sleeping          ||     1
  Eat: Chunk             ||     3
